Map: Vaani Research Station (Void)

Players

Snapdragon

  • Race: Protoss Protoss
  • League: Gold
  • Spawn Location: 6:00

Fropez - Winner!

  • Race: Protoss Protoss
  • League: Gold
  • Spawn Location: 12:00

VOD

Have the link to the VOD?

Description

Time

  • Played on: Nov. 27, 2016, 11 a.m.
  • Length: 7:54
Show
View Real Time Build Order
Export as new Build Order

Snapdragon Protoss 

Build Orders:  

Get SALT Encoding   

  12  0:01  Probe (Chrono Boost)  
  13  0:12  Probe (Chrono Boost)  
  14  0:21  Pylon  
  14  0:24  Probe (Chrono Boost)  
  15  0:40  Pylon, Probe (Chrono Boost)  
  16  0:50  Gateway  
  16  0:53  Probe (Chrono Boost)  
  17  1:07  Gateway  
  17  1:11  Probe (Chrono Boost)  
  18  1:19  Pylon  
  18  1:22  Probe (Chrono Boost)  
  19  1:31  Assimilator  
  20  1:33  Probe (Chrono Boost)  
  20  1:49  Zealot  
  20  1:53  Gateway  
  22  1:54  Zealot  
  24  2:03  Probe (Chrono Boost)  
  25  2:10  Cybernetics Core  
  25  2:19  Zealot  
  27  2:27  Gateway  
  27  2:32  Zealot  
  29  2:37  Probe (Chrono Boost)  
  30  2:45  Pylon  
  30  2:49  Zealot  
  32  3:03  Forge  
  28  3:25  Stalker x2  
  30  3:38  Photon Cannon  
  30  3:41  Stalker  
  32  3:49  Assimilator  
  32  3:55  Warp Gate (Chrono Boost)  
  32  3:59  Stalker x2  
  36  4:07  Pylon  
  36  4:12  Probe  
  37  4:20  Stalker  
  37  4:24  Stalker  
  41  4:39  Pylon  
  41  4:40  Stalker  
  41  4:44  Stalker  
  45  4:54  Pylon  
  44  5:07  Stalker  
  46  5:20  Stalker  
  46  5:21  Stalker  
  41  6:06  Stalker  
  41  6:07  Photon Cannon  
  43  6:13  Pylon  
  20  7:10  Zealot  
  20  7:25  Zealot x3  
  20  7:28  Probe  
  27  7:33  Photon Cannon  
  27  7:40  Probe  
Show
View Real Time Build Order
Export as new Build Order

Fropez Protoss - Winner!

Build Orders:  

Get SALT Encoding   

  12  0:01  Probe (Chrono Boost)  
  13  0:12  Probe (Chrono Boost)  
  14  0:19  Pylon  
  14  0:23  Probe (Chrono Boost)  
  15  0:33  Assimilator  
  15  0:37  Probe (Chrono Boost)  
  15  0:42  Assimilator  
  16  0:47  Probe (Chrono Boost)  
  17  0:58  Probe (Chrono Boost)  
  17  1:00  Gateway  
  18  1:08  Probe (Chrono Boost)  
  19  1:19  Probe (Chrono Boost)  
  20  1:29  Probe (Chrono Boost)  
  21  1:40  Probe (Chrono Boost)  
  21  1:46  Nexus  
  21  1:55  Pylon  
  21  1:57  Probe (Chrono Boost)  
  22  2:09  Cybernetics Core  
  22  2:10  Probe (Chrono Boost)  
  23  2:21  Probe (Chrono Boost)  
  23  2:22  Pylon  
  24  2:34  Probe (Chrono Boost)  
  25  2:45  Gateway  
  25  2:47  Warp Gate (Chrono Boost)  
  25  2:49  Mothership Core (Chrono Boost)  
  27  2:51  Stalker  
  29  3:00  Pylon  
  29  3:03  Probe (Chrono Boost)  
  29  3:17  Probe  
  29  3:18  Probe  
  31  3:24  Stalker  
  33  3:27  Probe  
  33  3:30  Probe  
  33  3:33  Stalker  
  37  3:42  Assimilator  
  37  3:49  Probe, Stargate  
  37  3:54  Probe  
  39  4:01  Probe  
  40  4:04  Probe  
  40  4:07  Assimilator  
  41  4:15  Probe  
  42  4:19  Probe  
  42  4:21  Pylon  
  43  4:29  Probe, Gateway  
  44  4:32  Oracle (Chrono Boost)  
  47  4:48  Stalker x2  
  47  4:50  Probe  
  47  4:51  Twilight Council, Probe  
  53  5:02  Probe  
  53  5:06  Gateway  
  54  5:08  Oracle (Chrono Boost)  
  57  5:21  Pylon  
  57  5:27  Probe  
  58  5:38  Robotics Facility  
  58  5:41  Pylon  
  54  6:02  Stalker x3  
  59  6:19  Stalker  
  58  6:33  Stalker x2  
  52  6:43  Stalker  
  47  6:51  Probe  
  47  6:52  Probe  
  43  6:59  Immortal (Chrono Boost)  
  41  7:09  Probe x2  
  43  7:15  Stalker  
  43  7:16  Stalker x2  
  43  7:21  Probe  
  50  7:25  Probe  
  51  7:33  Probe  
  54  7:39  Pylon  
  54  7:42  Pylon  
Tags
 
Add a new tag
Caveats
  • Supply blocks, unpowered buildings, or Contaminate may cause inaccurate times.
  • Supply counts are checked every 10 seconds.